Map: Terraform LE (Void)

Players

Torkk

  • Race: Protoss Protoss
  • League: Platinum

dipwood - Winner!

  • Race: Protoss Protoss
  • League: Master

VOD

Have the link to the VOD?

Description

Time

  • Played on: Aug. 13, 2015, 11:32 p.m.
  • Length: 15:36
Show
View Real Time Build Order
Export as new Build Order

Torkk Protoss 

Build Orders: Oracle Opening 

Get SALT Encoding   

  12  0:00  Probe  
  13  0:14  Pylon  
  13  0:17  Probe  
  14  0:32  Probe (Chrono Boost)  
  14  0:34  Gateway  
  16  0:44  Probe (Chrono Boost)  
  16  0:51  Probe (Chrono Boost), Assimilator  
  16  0:52  Assimilator  
  17  1:02  Probe  
  18  1:09  Gateway  
  18  1:14  Probe  
  19  1:24  Cybernetics Core  
  19  1:27  Probe  
  20  1:36  Pylon  
  21  1:40  Probe (Chrono Boost)  
  21  1:50  Probe (Chrono Boost)  
  22  1:57  Probe  
  23  2:01  Adept (Chrono Boost)  
  23  2:04  Adept (Chrono Boost)  
  27  2:13  Mothership Core  
  27  2:15  Warp Gate  
  29  2:26  Pylon  
  29  2:36  Stargate  
  29  2:45  Adept  
  29  2:46  Adept  
  33  2:52  Pylon  
  33  3:19  Oracle (Chrono Boost)  
  36  3:33  Probe  
  37  3:34  Gateway  
  37  3:44  Twilight Council  
  33  3:58  Probe (Chrono Boost)  
  34  4:11  Gateway  
  34  4:42  Stalker x3  
  38  4:46  Probe  
  39  4:55  Pylon  
  39  5:00  Pylon  
  37  5:19  Probe  
  38  5:27  Pylon  
  38  5:29  Stalker x3  
  44  5:36  Probe  
  44  5:40  Pylon  
  45  5:48  Shield Upgrade (Chrono Boost)  
  45  5:54  Adept  
  45  5:55  Adept x2  
  51  6:10  Adept  
  53  6:13  Probe  
  54  6:22  Adept x2  
  54  6:24  Adept  
  60  6:30  Pylon  
  60  6:51  Adept  
  60  6:52  Adept x2  
  66  7:00  Stalker  
  59  7:32  Adept x4  
  61  7:52  Adept x4  
  67  8:25  Adept  
  67  8:31  Pylon  
  39  8:56  Adept  
  39  8:57  Adept x3  
  47  9:07  Pylon  
  39  9:22  Adept x3  
  39  9:23  Adept  
  35  9:48  Adept  
  35  9:49  Adept x3  
  34  10:05  Sentry x2  
  38  10:08  Oracle (Chrono Boost)  
  41  10:22  Stalker  
  37  10:42  Adept x2  
  33  11:11  Adept x2  
  37  11:23  Templar Archives  
  37  11:30  Sentry x2  
  31  11:57  Stalker x2  
  35  12:04  High Templar  
  35  12:06  High Templar  
  39  12:10  Archon  
  37  12:22  High Templar x2  
  39  12:27  Archon  
  41  12:39  Stalker  
  39  13:15  High Templar x2  
  43  13:25  Archon  
Show
View Real Time Build Order
Export as new Build Order

dipwood Protoss - Winner!

Build Orders: Blink Stalkers 

Get SALT Encoding   

  12  0:01  Probe  
  13  0:14  Pylon  
  13  0:18  Probe  
  14  0:32  Probe (Chrono Boost)  
  15  0:36  Gateway  
  15  0:42  Probe (Chrono Boost)  
  16  0:48  Assimilator  
  16  0:49  Probe  
  17  1:01  Probe (Chrono Boost)  
  17  1:03  Pylon  
  19  1:12  Assimilator  
  19  1:13  Probe (Chrono Boost)  
  19  1:21  Probe (Chrono Boost)  
  19  1:23  Cybernetics Core  
  20  1:35  Gateway  
  20  1:37  Probe (Chrono Boost)  
  21  1:49  Probe (Chrono Boost)  
  22  1:58  Probe  
  22  2:00  Adept  
  25  2:01  Warp Gate (Chrono Boost)  
  25  2:15  Pylon  
  25  2:22  Adept  
  27  2:27  Twilight Council, Adept  
  29  2:45  Gateway  
  29  2:54  Mothership Core  
  31  3:04  Blink (Chrono Boost)  
  31  3:30  Pylon  
  31  3:38  Pylon  
  31  3:42  Stalker x3  
  33  4:08  Stalker x2  
  37  4:16  Nexus  
  27  4:51  Stalker  
  27  4:52  Stalker  
  31  4:59  Probe  
  32  5:11  Probe (Chrono Boost)  
  33  5:23  Probe (Chrono Boost)  
  33  5:26  Stalker  
  36  5:30  Probe (Chrono Boost)  
  36  5:31  Forge  
  38  5:37  Stalker  
  38  5:40  Probe x2 (Chrono Boost)  
  41  5:43  Stalker  
  41  5:48  Probe x2 (Chrono Boost)  
  45  6:02  Probe x2  
  47  6:05  Stalker  
  49  6:14  Probe (Chrono Boost)  
  51  6:19  Probe (Chrono Boost)  
  51  6:25  Probe (Chrono Boost)  
  52  6:28  Probe (Chrono Boost)  
  52  6:32  Pylon  
  54  6:33  Probe (Chrono Boost)  
  54  6:37  Probe (Chrono Boost), Adept  
  57  6:43  Adept x2  
  57  6:46  Protoss Ground Weapons Level 1 (Chrono Boost)  
  61  7:05  Probe x2  
  63  7:08  Adept x3  
  63  7:17  Probe  
  61  7:29  Photon Cannon  
  48  7:40  Stalker x3  
  32  8:08  Stalker x3  
  38  8:17  Mothership Core  
  40  8:32  Adept x3  
  26  8:57  Adept  
  26  8:58  Adept  
  28  9:16  Adept x2  
  24  9:36  Adept  
  24  9:37  Adept  
  20  9:47  Probe x2  
  22  9:59  Probe  
  23  10:02  Stalker  
  23  10:10  Stalker  
  25  10:40  Probe x2  
  25  10:44  Zealot x2  
  29  10:52  Probe x2  
  27  11:07  Stalker  
  20  11:22  Stalker  
  17  11:59  Photon Cannon  
  15  12:47  Probe  
  12  12:59  Probe  
  13  13:17  Stalker  
  13  14:09  Zealot  
  13  14:10  Zealot  
Tags
 
Add a new tag
Caveats
  • Supply blocks, unpowered buildings, or Contaminate may cause inaccurate times.
  • Supply counts are checked every 10 seconds.